[ AOE2 MATCH · #464057504 ]
Team RMItalians vs Spanish
[ REPLAY ANALYSIS · EXTRACTED FROM THE RECORDED GAME ]
Feudal
11:45
Castle
19:06
Imperial
34:08
| APM avg | 13.2 |
| APM peak | 53 |
| eAPM avg | 8.2 |
| Villagers / military | 127 / 174 |
Focus
⚔️ 27.2% · 🌾 72.8%
Genoese Crossbowman ×173 · Monk ×1
Feudal
10:17
Castle
18:31
Imperial
32:08
| APM avg | 12.5 |
| APM peak | 24 |
| eAPM avg | 10.8 |
| Villagers / military | 110 / 180 |
Focus
⚔️ 25.4% · 🌾 74.6%
Scout Cavalry ×117 · Mangudai ×54 · Trade Cart ×12 · Fishing Ship ×9 · Battering Ram ×9
Feudal
12:27
Castle
25:21
Imperial
34:41
| APM avg | 15.8 |
| APM peak | 79 |
| eAPM avg | 10.6 |
| Villagers / military | 116 / 44 |
Focus
⚔️ 21.1% · 🌾 78.9%
Conquistador ×44 · Trade Cart ×5 · Fishing Ship ×3
Feudal
11:10
Castle
15:57
Imperial
31:18
| APM avg | 26.4 |
| APM peak | 79 |
| eAPM avg | 19.5 |
| Villagers / military | 121 / 122 |
Focus
⚔️ 31.5% · 🌾 68.5%
Samurai ×103 · Fishing Ship ×32 · Trebuchet (Packed) ×11 · Trade Cart ×6 · Mangonel ×6 · Monk ×2
Feudal
11:05
Castle
24:50
Imperial
41:19
| APM avg | 9.0 |
| APM peak | 39 |
| eAPM avg | 5.7 |
| Villagers / military | 57 / 42 |
Focus
⚔️ 21.3% · 🌾 78.7%
Boyar ×39 · Trebuchet (Packed) ×3 · Trade Cart ×1
Feudal
13:13
Castle
21:32
Imperial
36:23
| APM avg | 17.2 |
| APM peak | 40 |
| eAPM avg | 12.4 |
| Villagers / military | 91 / 28 |
Focus
⚔️ 11.5% · 🌾 88.5%
Mangonel ×19 · Fishing Ship ×13 · Mameluke ×8 · Monk ×1
Feudal
12:28
Castle
19:54
Imperial
32:45
| APM avg | 11.2 |
| APM peak | 25 |
| eAPM avg | 9.0 |
| Villagers / military | 95 / 36 |
Focus
⚔️ 23.3% · 🌾 76.7%
Janissary ×25 · Bombard Cannon ×10 · Trade Cart ×3 · Monk ×1
Feudal
12:16
Castle
20:43
Imperial
32:30
| APM avg | 20.0 |
| APM peak | 42 |
| eAPM avg | 14.5 |
| Villagers / military | 153 / 64 |
Focus
⚔️ 16.4% · 🌾 83.6%
Hand Cannoneer ×50 · Fishing Ship ×26 · Samurai ×10 · Monk ×2 · Trebuchet (Packed) ×2
Match map
Initial resources + every placement click. Lines = walls · curves = elevation contours. ◆ gold · ⬟ stone · ● berries · ✦ relic · ◌ wall gap
Your base· ✓ Closed at 19:06 · 0t walls · no gate
Asturon's base· ✓ Closed at 18:31 · 0t walls · no gate
Yuuki's base· Open — opponent sealed themselves in
Fingus's base· ✓ Closed at 15:57 · 13t walls · no gate
1841775562's base· Open — opponent sealed themselves in
Jerry's base· Open — opponent sealed themselves in
比奇堡突击手海绵宝宝's base· ✓ Closed at 19:54 · 40t walls · no gate
King's base· Open — opponent sealed themselves in
Smoothed initial terrain · ◌ = detected wall gap · hover for details
Inputs per minute
— A silly fella - - Asturon
Build order — A silly fella
First 150 of 240 actions detected
| 0:05 | Research | Loom |
| 0:05 | Create | Villager (Male) |
| 0:06 | Create | Villager (Male) |
| 0:06 | Create | Villager (Male) |
| 0:06 | Create | Villager (Male) |
| 0:07 | Create | Villager (Male) |
| 0:11 | Build | House |
| 0:15 | Build | House |
| 2:22 | Create | Villager (Male) |
| 2:22 | Create | Villager (Male) |
| 2:23 | Create | Villager (Male) |
| 3:16 | Create | Villager (Male) |
| 3:16 | Create | Villager (Male) |
| 3:16 | Create | Villager (Male) |
| 3:52 | Create | Villager (Male) |
| 3:53 | Create | Villager (Male) |
| 5:14 | Create | Villager (Male) |
| 5:14 | Create | Villager (Male) |
| 5:47 | Create | Villager (Male) |
| 5:48 | Create | Villager (Male) |
| 5:48 | Create | Villager (Male) |
| 5:48 | Create | Villager (Male) |
| 5:49 | Create | Villager (Male) |
| 5:49 | Create | Villager (Male) |
| 5:55 | Build | House |
| 5:57 | Build | House |
| 5:59 | Build | House |
| 6:35 | Build | Mill |
| 7:30 | Build | Mining Camp |
| 7:36 | Create | Villager (Male) |
| 7:37 | Create | Villager (Male) |
| 7:37 | Create | Villager (Male) |
| 8:43 | Build | Lumber Camp |
| 9:35 | Research | Feudal Age |
| 11:26 | Build | Lumber Camp |
| 11:44 | Create | Villager (Male) |
| 11:44 | Create | Villager (Male) |
| 11:44 | Create | Villager (Male) |
| 11:45 | Age | Feudal Age |
| 11:47 | Research | Double-Bit Axe |
| 11:50 | Research | Horse Collar |
| 11:59 | Create | Villager (Male) |
| 12:00 | Create | Villager (Male) |
| 12:19 | Build | Farm |
| 12:32 | Build | Farm |
| 12:42 | Build | Farm |
| 12:49 | Create | Villager (Male) |
| 12:50 | Create | Villager (Male) |
| 12:50 | Create | Villager (Male) |
| 12:56 | Create | Villager (Male) |
| 13:08 | Build | House |
| 13:25 | Build | Market |
| 13:54 | Build | Farm |
| 14:04 | Build | Farm |
| 14:12 | Build | Farm |
| 14:23 | Build | Farm |
| 14:43 | Build | Farm |
| 15:14 | Build | Blacksmith |
| 15:39 | Build | Farm |
| 15:45 | Build | Farm |
| 15:59 | Create | Villager (Male) |
| 16:13 | Build | House |
| 16:15 | Build | House |
| 16:17 | Build | House |
| 16:26 | Research | Castle Age |
| 16:42 | Build | Mining Camp |
| 17:19 | Build | Farm |
| 17:36 | Build | Farm |
| 17:42 | Research | Gold Mining |
| 18:43 | Research | Stone Mining |
| 19:06 | Age | Castle Age |
| 19:21 | Create | Villager (Male) |
| 19:21 | Create | Villager (Male) |
| 19:22 | Create | Villager (Male) |
| 19:22 | Create | Villager (Male) |
| 19:22 | Create | Villager (Male) |
| 19:23 | Create | Villager (Male) |
| 19:49 | Build | Town Center |
| 19:56 | Research | Heavy Plow |
| 20:00 | Research | Bow Saw |
| 20:22 | Build | Monastery |
| 20:58 | Build | Town Center |
| 21:12 | Build | House |
| 21:14 | Build | House |
| 21:16 | Build | House |
| 21:16 | Build | House |
| 21:17 | Build | House |
| 21:18 | Build | House |
| 21:19 | Build | House |
| 21:19 | Build | House |
| 21:22 | Create | Monk |
| 21:36 | Build | Farm |
| 21:43 | Create | Villager (Male) ×5 |
| 22:09 | Research | Wheelbarrow |
| 22:12 | Create | Villager (Male) |
| 22:12 | Create | Villager (Male) |
| 22:53 | Build | Farm |
| 22:53 | Build | Farm |
| 23:09 | Build | Farm |
| 23:20 | Create | Villager (Male) ×5 |
| 23:20 | Create | Villager (Male) ×5 |
| 23:21 | Create | Villager (Male) |
| 23:30 | Build | Farm |
| 23:46 | Create | Villager (Male) |
| 23:46 | Create | Villager (Male) |
| 23:46 | Create | Villager (Male) |
| 24:01 | Build | Farm |
| 24:07 | Build | Lumber Camp |
| 24:24 | Build | Barracks |
| 24:49 | Build | Farm |
| 24:49 | Build | Farm |
| 24:49 | Build | Farm |
| 24:49 | Build | Farm |
| 24:50 | Build | Farm |
| 25:00 | Build | Farm |
| 25:05 | Create | Villager (Male) ×5 |
| 25:06 | Create | Villager (Male) ×4 |
| 25:13 | Build | House |
| 25:13 | Build | House |
| 25:14 | Build | House |
| 25:15 | Build | House |
| 25:19 | Build | House |
| 25:19 | Build | House |
| 25:19 | Build | House |
| 25:19 | Build | House |
| 25:20 | Build | House |
| 25:22 | Build | House |
| 25:23 | Build | House |
| 25:23 | Build | House |
| 25:51 | Build | Castle |
| 26:26 | Build | University |
| 26:36 | Build | Lumber Camp |
| 26:49 | Create | Villager (Male) |
| 26:49 | Create | Villager (Male) |
| 26:49 | Create | Villager (Male) |
| 26:50 | Create | Villager (Male) |
| 27:07 | Create | Genoese Crossbowman ×5 |
| 27:07 | Create | Genoese Crossbowman ×5 |
| 27:07 | Create | Genoese Crossbowman ×5 |
| 27:30 | Create | Villager (Male) ×5 |
| 27:31 | Create | Villager (Male) ×5 |
| 27:31 | Create | Villager (Male) ×5 |
| 27:38 | Research | Fletching |
| 27:39 | Research | Padded Archer Armor |
| 27:47 | Build | Farm |
| 27:51 | Research | Ballistics |
| 28:08 | Build | Archery Range |
| 28:32 | Build | Mining Camp |
| 28:49 | Create | Genoese Crossbowman |
| 28:49 | Create | Genoese Crossbowman |
Build order — Asturon
First 150 of 282 actions detected
| 0:03 | Build | House |
| 0:05 | Build | House |
| 0:06 | Create | Villager (Male) ×4 |
| 1:39 | Create | Villager (Male) |
| 1:57 | Create | Villager (Male) |
| 3:31 | Create | Villager (Male) ×5 |
| 4:53 | Build | House |
| 5:18 | Build | Lumber Camp |
| 5:27 | Create | Villager (Male) ×5 |
| 6:44 | Build | House |
| 7:25 | Build | Mill |
| 7:36 | Create | Villager (Male) |
| 8:05 | Research | Feudal Age |
| 8:23 | Build | House |
| 8:37 | Build | Mill |
| 9:15 | Create | Villager (Male) |
| 10:17 | Age | Feudal Age |
| 10:34 | Create | Villager (Male) |
| 10:44 | Create | Villager (Male) |
| 10:48 | Research | Double-Bit Axe |
| 11:06 | Create | Villager (Male) |
| 11:12 | Build | Mining Camp |
| 11:15 | Create | Villager (Male) |
| 11:48 | Build | Lumber Camp |
| 12:11 | Build | Blacksmith |
| 12:20 | Create | Villager (Male) |
| 12:21 | Create | Villager (Male) |
| 12:46 | Build | House |
| 12:47 | Build | House |
| 13:16 | Build | Market |
| 13:22 | Research | Loom |
| 15:01 | Create | Villager (Male) |
| 15:02 | Create | Villager (Male) |
| 15:33 | Research | Castle Age |
| 15:46 | Build | Mining Camp |
| 15:53 | Research | Stone Mining |
| 16:29 | Create | Villager (Male) |
| 16:29 | Create | Villager (Male) |
| 16:34 | Research | Gold Mining |
| 17:31 | Research | Horse Collar |
| 17:36 | Build | Farm |
| 17:37 | Build | Farm |
| 17:38 | Build | Farm |
| 17:54 | Build | Dock |
| 18:00 | Build | House |
| 18:02 | Build | House |
| 18:31 | Age | Castle Age |
| 18:35 | Build | Town Center |
| 18:42 | Build | Farm |
| 18:43 | Build | Farm |
| 18:45 | Build | Farm |
| 18:53 | Research | Heavy Plow |
| 18:57 | Research | Bow Saw |
| 19:01 | Create | Fishing Ship |
| 19:02 | Create | Fishing Ship |
| 19:02 | Create | Fishing Ship |
| 19:12 | Create | Villager (Male) ×4 |
| 19:32 | Build | Town Center |
| 19:55 | Create | Fishing Ship |
| 19:59 | Create | Villager (Male) |
| 20:04 | Build | Farm |
| 20:05 | Build | Farm |
| 20:11 | Build | Farm |
| 20:12 | Build | Farm |
| 20:15 | Create | Villager (Male) |
| 20:46 | Create | Villager (Male) |
| 20:50 | Build | Farm |
| 20:58 | Create | Villager (Male) |
| 21:04 | Create | Fishing Ship |
| 21:09 | Build | Farm |
| 21:10 | Build | Farm |
| 21:12 | Build | Farm |
| 21:14 | Build | Farm |
| 21:18 | Create | Villager (Male) |
| 21:25 | Create | Villager (Male) |
| 21:32 | Build | Farm |
| 21:33 | Build | Farm |
| 21:36 | Create | Villager (Male) |
| 21:52 | Create | Villager (Male) |
| 21:56 | Create | Fishing Ship |
| 22:02 | Build | Fish Trap |
| 22:07 | Create | Villager (Male) |
| 22:12 | Create | Villager (Male) |
| 22:21 | Create | Villager (Male) |
| 22:30 | Build | House |
| 22:32 | Build | House |
| 22:35 | Build | House |
| 22:36 | Build | House |
| 22:40 | Create | Villager (Male) |
| 22:44 | Create | Villager (Male) |
| 22:45 | Create | Villager (Male) |
| 22:47 | Build | Farm |
| 22:52 | Create | Villager (Male) |
| 22:55 | Create | Villager (Male) |
| 23:03 | Build | Fish Trap |
| 23:05 | Build | Fish Trap |
| 23:08 | Build | Fish Trap |
| 23:13 | Build | Fish Trap |
| 23:19 | Create | Fishing Ship |
| 23:22 | Create | Villager (Male) |
| 23:22 | Create | Villager (Male) |
| 23:27 | Create | Villager (Male) ×2 |
| 23:30 | Build | Farm |
| 23:37 | Build | Farm |
| 23:40 | Create | Villager (Male) |
| 23:49 | Create | Villager (Male) |
| 23:58 | Create | Villager (Male) |
| 24:07 | Build | Farm |
| 24:31 | Build | Castle |
| 24:36 | Research | Wheelbarrow |
| 24:38 | Create | Villager (Male) |
| 24:43 | Create | Villager (Male) |
| 24:43 | Create | Villager (Male) |
| 25:02 | Create | Villager (Male) |
| 25:05 | Create | Villager (Male) ×5 |
| 25:14 | Create | Villager (Male) |
| 25:18 | Build | Fish Trap |
| 25:21 | Build | Fish Trap |
| 25:24 | Build | Fish Trap |
| 25:27 | Create | Fishing Ship |
| 25:27 | Create | Fishing Ship |
| 25:30 | Build | Fish Trap |
| 25:45 | Build | Lumber Camp |
| 25:56 | Build | House |
| 25:57 | Build | House |
| 25:58 | Build | House |
| 25:59 | Build | House |
| 26:04 | Build | Mining Camp |
| 26:08 | Research | Hand Cart |
| 26:11 | Create | Villager (Male) ×4 |
| 26:18 | Create | Villager (Male) ×4 |
| 26:37 | Build | Farm |
| 26:38 | Build | Farm |
| 26:42 | Create | Villager (Male) |
| 26:49 | Build | Farm |
| 26:51 | Build | Farm |
| 26:59 | Create | Villager (Male) ×5 |
| 27:13 | Build | Mill |
| 27:15 | Build | Farm |
| 27:16 | Build | Farm |
| 27:17 | Build | Farm |
| 27:19 | Build | Farm |
| 27:20 | Build | Farm |
| 27:27 | Build | Farm |
| 27:29 | Build | Farm |
| 27:30 | Build | Farm |
| 27:43 | Create | Villager (Male) |
| 27:43 | Create | Villager (Male) |
| 27:44 | Create | Villager (Male) |
| 28:03 | Build | House |
Build order — Yuuki
First 150 of 271 actions detected
| 0:51 | Create | Villager (Male) |
| 0:51 | Create | Villager (Male) |
| 0:51 | Create | Villager (Male) |
| 0:52 | Create | Villager (Male) |
| 0:52 | Create | Villager (Male) |
| 0:52 | Create | Villager (Male) |
| 1:24 | Build | House |
| 1:24 | Build | House |
| 1:24 | Build | House |
| 1:25 | Build | House |
| 1:25 | Build | House |
| 2:35 | Create | Villager (Male) |
| 2:35 | Create | Villager (Male) |
| 2:52 | Create | Villager (Male) |
| 2:52 | Create | Villager (Male) |
| 2:53 | Create | Villager (Male) |
| 4:01 | Create | Villager (Male) |
| 4:01 | Create | Villager (Male) |
| 4:19 | Build | Lumber Camp |
| 4:46 | Create | Villager (Male) |
| 4:46 | Create | Villager (Male) |
| 4:47 | Create | Villager (Male) |
| 5:44 | Create | Villager (Male) |
| 5:44 | Create | Villager (Male) |
| 5:44 | Create | Villager (Male) |
| 5:44 | Create | Villager (Male) |
| 5:45 | Create | Villager (Male) |
| 5:45 | Create | Villager (Male) |
| 7:17 | Create | Villager (Male) |
| 7:17 | Create | Villager (Male) |
| 7:44 | Build | Mill |
| 8:56 | Create | Villager (Male) |
| 9:34 | Create | Villager (Male) |
| 10:17 | Research | Feudal Age |
| 10:27 | Build | House |
| 10:36 | Create | Villager (Male) |
| 10:37 | Create | Villager (Male) |
| 11:12 | Build | House |
| 12:27 | Age | Feudal Age |
| 12:27 | Build | Dock |
| 12:38 | Build | Farm |
| 12:39 | Build | Farm |
| 12:40 | Build | Farm |
| 12:43 | Build | Farm |
| 12:46 | Create | Villager (Male) |
| 12:47 | Research | Wheelbarrow |
| 12:50 | Create | Villager (Male) |
| 12:50 | Create | Villager (Male) |
| 12:50 | Create | Villager (Male) |
| 12:51 | Create | Villager (Male) |
| 13:01 | Build | Mining Camp |
| 13:39 | Research | Double-Bit Axe |
| 14:00 | Build | House |
| 14:24 | Build | Farm |
| 14:38 | Create | Villager (Male) |
| 14:38 | Create | Villager (Male) |
| 14:39 | Create | Villager (Male) |
| 14:47 | Build | Market |
| 14:57 | Create | Villager (Male) |
| 14:57 | Create | Villager (Male) |
| 15:08 | Build | House |
| 15:20 | Build | Farm |
| 15:27 | Build | Farm |
| 15:34 | Build | Farm |
| 15:51 | Create | Villager (Male) |
| 15:52 | Create | Villager (Male) |
| 15:52 | Create | Villager (Male) |
| 16:16 | Build | House |
| 16:21 | Create | Fishing Ship |
| 16:21 | Create | Fishing Ship |
| 16:55 | Build | Farm |
| 17:01 | Build | Farm |
| 17:07 | Build | Farm |
| 17:20 | Build | Farm |
| 17:42 | Research | Horse Collar |
| 18:14 | Build | Fish Trap |
| 18:30 | Create | Trade Cart |
| 18:41 | Create | Villager (Male) |
| 18:42 | Create | Villager (Male) |
| 18:42 | Create | Villager (Male) |
| 18:42 | Create | Villager (Male) |
| 18:42 | Create | Villager (Male) |
| 19:28 | Build | Farm |
| 19:42 | Build | Farm |
| 19:47 | Create | Villager (Male) |
| 20:23 | Build | Farm |
| 20:54 | Build | Farm |
| 21:07 | Research | Stone Mining |
| 21:10 | Create | Villager (Male) |
| 21:10 | Create | Villager (Male) |
| 21:28 | Build | Farm |
| 21:52 | Build | Stone Wall |
| 22:02 | Build | Farm |
| 22:22 | Build | Blacksmith |
| 22:41 | Research | Castle Age |
| 22:55 | Build | Farm |
| 23:56 | Build | Gate |
| 24:45 | Build | House |
| 24:46 | Build | House |
| 25:13 | Build | Stone Wall |
| 25:21 | Age | Castle Age |
| 25:26 | Create | Villager (Male) |
| 25:26 | Create | Villager (Male) |
| 25:27 | Research | Hand Cart |
| 25:30 | Create | Villager (Male) |
| 25:39 | Research | Gold Mining |
| 25:41 | Research | Stone Shaft Mining |
| 25:48 | Research | Heavy Plow |
| 26:03 | Build | House |
| 26:10 | Build | House |
| 27:11 | Build | Stone Wall |
| 27:37 | Build | House |
| 27:55 | Create | Villager (Male) |
| 27:56 | Create | Villager (Male) |
| 27:56 | Create | Villager (Male) |
| 28:14 | Build | Town Center |
| 28:44 | Build | Castle |
| 29:08 | Create | Trade Cart |
| 29:19 | Build | House |
| 29:20 | Build | House |
| 29:25 | Build | House |
| 29:51 | Create | Villager (Male) |
| 29:52 | Create | Villager (Male) |
| 29:52 | Create | Villager (Male) |
| 29:52 | Create | Villager (Male) |
| 29:52 | Create | Villager (Male) |
| 31:24 | Research | Imperial Age |
| 31:25 | Research | Imperial Age |
| 31:25 | Research | Imperial Age |
| 31:48 | Build | Stone Wall |
| 32:07 | Create | Conquistador |
| 32:08 | Create | Conquistador |
| 32:08 | Create | Conquistador |
| 32:08 | Create | Conquistador |
| 32:09 | Create | Conquistador |
| 32:09 | Create | Conquistador |
| 32:15 | Create | Villager (Male) |
| 32:15 | Create | Villager (Male) |
| 32:15 | Create | Villager (Male) |
| 32:15 | Create | Villager (Male) |
| 32:16 | Create | Villager (Male) |
| 32:16 | Create | Villager (Male) |
| 32:16 | Create | Villager (Male) |
| 32:16 | Create | Villager (Male) |
| 32:17 | Create | Villager (Male) |
| 32:17 | Create | Villager (Male) |
| 32:39 | Create | Trade Cart |
| 32:46 | Create | Villager (Male) |
| 32:51 | Create | Villager (Male) |
| 32:51 | Create | Villager (Male) |
Build order — Fingus
First 150 of 344 actions detected
| 0:03 | Create | Villager (Male) ×4 |
| 0:05 | Build | House |
| 0:06 | Build | House |
| 1:05 | Build | Palisade Wall |
| 1:09 | Build | Palisade Wall |
| 1:12 | Build | Palisade Wall |
| 1:13 | Build | Palisade Wall |
| 1:15 | Build | Palisade Wall |
| 1:20 | Build | Palisade Wall |
| 1:22 | Build | Palisade Wall |
| 1:24 | Build | Palisade Wall |
| 1:26 | Build | Palisade Wall |
| 1:28 | Build | Palisade Wall |
| 1:30 | Build | Palisade Wall |
| 1:32 | Build | Palisade Wall |
| 1:40 | Create | Villager (Male) |
| 1:41 | Create | Villager (Male) |
| 2:07 | Create | Villager (Male) |
| 2:07 | Create | Villager (Male) |
| 2:35 | Create | Villager (Male) |
| 2:36 | Create | Villager (Male) |
| 2:55 | Build | Lumber Camp |
| 3:01 | Create | Villager (Male) |
| 3:01 | Create | Villager (Male) |
| 3:20 | Build | House |
| 3:30 | Create | Villager (Male) |
| 3:30 | Create | Villager (Male) |
| 3:31 | Create | Villager (Male) |
| 3:41 | Build | House |
| 4:30 | Create | Villager (Male) ×3 |
| 5:52 | Create | Villager (Male) |
| 5:53 | Create | Villager (Male) |
| 6:08 | Build | Mill |
| 6:43 | Build | Dock |
| 6:50 | Create | Villager (Male) |
| 6:51 | Create | Villager (Male) |
| 6:51 | Create | Villager (Male) |
| 6:51 | Create | Villager (Male) |
| 6:52 | Create | Villager (Male) |
| 7:27 | Create | Fishing Ship |
| 8:02 | Build | House |
| 8:08 | Create | Fishing Ship |
| 8:26 | Create | Villager (Male) |
| 8:55 | Build | Mill |
| 9:00 | Research | Feudal Age |
| 9:08 | Create | Fishing Ship |
| 9:43 | Build | Lumber Camp |
| 10:43 | Build | House |
| 11:01 | Create | Villager (Male) |
| 11:10 | Age | Feudal Age |
| 11:17 | Build | Market |
| 11:20 | Build | Market |
| 11:25 | Create | Villager (Male) |
| 11:36 | Build | Mining Camp |
| 11:56 | Create | Villager (Male) |
| 12:16 | Create | Villager (Male) |
| 12:43 | Build | Blacksmith |
| 12:51 | Create | Villager (Male) |
| 13:07 | Build | Mining Camp |
| 13:17 | Research | Castle Age |
| 13:29 | Build | Lumber Camp |
| 14:36 | Research | Double-Bit Axe |
| 15:46 | Create | Villager (Male) |
| 15:57 | Age | Castle Age |
| 15:59 | Build | Town Center |
| 16:17 | Build | Town Center |
| 16:28 | Create | Villager (Male) |
| 16:36 | Build | Lumber Camp |
| 16:55 | Build | Lumber Camp |
| 17:00 | Create | Villager (Male) |
| 17:12 | Research | Bow Saw |
| 17:21 | Build | Lumber Camp |
| 17:30 | Build | Palisade Wall |
| 17:37 | Create | Villager (Male) |
| 17:38 | Create | Villager (Male) |
| 17:39 | Create | Villager (Male) |
| 17:40 | Create | Villager (Male) |
| 17:40 | Create | Villager (Male) |
| 17:40 | Create | Villager (Male) |
| 18:09 | Build | Fish Trap |
| 18:10 | Build | Fish Trap |
| 18:16 | Build | Fish Trap |
| 18:34 | Create | Villager (Male) ×5 |
| 18:35 | Create | Villager (Male) |
| 18:39 | Build | House |
| 18:40 | Build | House |
| 18:42 | Build | House |
| 18:43 | Build | House |
| 18:46 | Create | Villager (Male) ×5 |
| 18:56 | Create | Fishing Ship |
| 19:01 | Build | Town Center |
| 19:12 | Research | Wheelbarrow |
| 19:25 | Create | Villager (Male) |
| 19:30 | Research | Horse Collar |
| 19:36 | Research | Tech 906 |
| 19:38 | Build | Fish Trap |
| 19:40 | Create | Fishing Ship |
| 19:40 | Create | Fishing Ship |
| 19:43 | Create | Villager (Male) |
| 19:45 | Build | Farm |
| 19:47 | Build | Farm |
| 19:59 | Build | Farm |
| 20:02 | Build | Farm |
| 20:07 | Create | Villager (Male) |
| 20:31 | Build | Fish Trap |
| 20:38 | Create | Villager (Male) |
| 20:50 | Build | Dock |
| 20:58 | Create | Villager (Male) ×2 |
| 21:04 | Build | Monastery |
| 21:06 | Build | Farm |
| 21:12 | Build | Farm |
| 21:17 | Build | Farm |
| 21:20 | Build | Farm |
| 21:21 | Create | Villager (Male) |
| 21:26 | Build | Farm |
| 21:29 | Build | Farm |
| 21:30 | Create | Villager (Male) |
| 21:30 | Create | Villager (Male) |
| 21:31 | Create | Villager (Male) |
| 21:36 | Create | Villager (Male) ×2 |
| 21:40 | Build | Fish Trap |
| 21:42 | Create | Monk |
| 22:00 | Build | Lumber Camp |
| 22:02 | Build | Lumber Camp |
| 22:05 | Build | Farm |
| 22:05 | Build | Farm |
| 22:05 | Build | Farm |
| 22:08 | Build | Farm |
| 22:09 | Build | Farm |
| 22:11 | Build | Farm |
| 22:12 | Create | Villager (Male) ×2 |
| 22:14 | Build | Farm |
| 22:22 | Build | Farm |
| 22:24 | Create | Villager (Male) ×2 |
| 22:27 | Build | Farm |
| 22:30 | Build | Farm |
| 22:33 | Build | Farm |
| 22:38 | Build | Farm |
| 22:39 | Create | Villager (Male) ×2 |
| 22:55 | Build | Castle |
| 22:59 | Research | Heavy Plow |
| 23:02 | Create | Fishing Ship ×5 |
| 23:03 | Create | Fishing Ship ×3 |
| 23:04 | Create | Villager (Male) ×2 |
| 23:06 | Build | House |
| 23:08 | Build | House |
| 23:08 | Build | House |
| 23:10 | Build | House |
| 23:14 | Build | Farm |
| 23:20 | Build | Lumber Camp |
Build order — 1841775562
First 150 of 171 actions detected
| 0:28 | Build | House |
| 0:38 | Build | House |
| 0:41 | Build | House |
| 1:11 | Create | Villager (Male) |
| 1:11 | Create | Villager (Male) |
| 1:12 | Create | Villager (Male) |
| 1:12 | Create | Villager (Male) |
| 1:12 | Create | Villager (Male) |
| 1:12 | Create | Villager (Male) |
| 3:09 | Build | Lumber Camp |
| 3:19 | Create | Villager (Male) |
| 3:19 | Create | Villager (Male) |
| 4:11 | Create | Villager (Male) |
| 4:11 | Create | Villager (Male) |
| 4:12 | Create | Villager (Male) |
| 4:54 | Create | Villager (Male) |
| 4:55 | Create | Villager (Male) |
| 5:45 | Create | Villager (Male) |
| 5:46 | Create | Villager (Male) |
| 5:46 | Create | Villager (Male) |
| 5:46 | Create | Villager (Male) |
| 6:44 | Build | Mill |
| 8:55 | Research | Feudal Age |
| 8:55 | Research | Feudal Age |
| 10:16 | Create | Villager (Male) |
| 10:16 | Create | Villager (Male) |
| 10:16 | Create | Villager (Male) |
| 10:17 | Create | Villager (Male) |
| 10:33 | Create | Villager (Male) |
| 10:33 | Create | Villager (Male) |
| 11:05 | Age | Feudal Age |
| 11:08 | Research | Horse Collar |
| 11:29 | Build | Farm |
| 11:44 | Build | Farm |
| 11:59 | Research | Double-Bit Axe |
| 11:59 | Research | Double-Bit Axe |
| 12:08 | Build | Farm |
| 12:13 | Create | Villager (Male) |
| 12:36 | Build | Mining Camp |
| 13:02 | Build | Market |
| 13:21 | Build | Farm |
| 13:39 | Create | Villager (Male) |
| 13:40 | Create | Villager (Male) |
| 13:48 | Create | Villager (Male) |
| 14:07 | Build | House |
| 14:09 | Build | House |
| 14:12 | Build | House |
| 15:33 | Build | Mining Camp |
| 15:38 | Create | Villager (Male) |
| 15:39 | Create | Villager (Male) |
| 15:40 | Research | Wheelbarrow |
| 16:33 | Create | Trade Cart |
| 17:07 | Create | Villager (Male) |
| 17:11 | Create | Villager (Male) |
| 17:12 | Create | Villager (Male) |
| 17:23 | Research | Gold Mining |
| 17:48 | Build | Farm |
| 17:49 | Build | Farm |
| 18:58 | Build | Blacksmith |
| 19:16 | Build | Farm |
| 19:53 | Build | Lumber Camp |
| 20:12 | Create | Villager (Male) |
| 20:13 | Create | Villager (Male) |
| 20:47 | Build | Farm |
| 21:49 | Build | Watch Tower |
| 22:10 | Research | Castle Age |
| 22:10 | Research | Castle Age |
| 22:58 | Build | Farm |
| 23:06 | Create | Villager (Male) |
| 23:06 | Create | Villager (Male) |
| 23:08 | Create | Villager (Male) |
| 24:50 | Age | Castle Age |
| 24:55 | Build | Watch Tower |
| 25:13 | Research | Hand Cart |
| 25:31 | Create | Villager (Male) |
| 25:32 | Create | Villager (Male) |
| 25:33 | Create | Villager (Male) |
| 26:10 | Build | House |
| 26:13 | Build | House |
| 26:15 | Build | House |
| 26:16 | Build | House |
| 26:24 | Build | House |
| 28:09 | Build | Castle |
| 29:03 | Build | Farm |
| 29:08 | Create | Villager (Male) |
| 29:08 | Create | Villager (Male) |
| 29:09 | Create | Villager (Male) |
| 29:09 | Create | Villager (Male) |
| 29:10 | Create | Villager (Male) |
| 29:17 | Research | Gold Shaft Mining |
| 29:18 | Research | Stone Mining |
| 29:24 | Research | Bow Saw |
| 29:57 | Build | Farm |
| 30:39 | Build | Town Center |
| 31:03 | Create | Boyar |
| 31:03 | Create | Boyar |
| 31:04 | Create | Boyar |
| 31:04 | Create | Boyar |
| 31:04 | Create | Boyar |
| 31:05 | Create | Boyar |
| 31:05 | Create | Boyar |
| 31:05 | Create | Boyar |
| 31:05 | Create | Boyar |
| 31:06 | Create | Boyar |
| 31:06 | Create | Boyar |
| 31:06 | Create | Boyar |
| 31:28 | Build | Farm |
| 31:31 | Build | Farm |
| 31:38 | Research | Heavy Plow |
| 32:18 | Research | Scale Barding Armor |
| 32:36 | Build | Farm |
| 32:39 | Build | Farm |
| 32:41 | Build | Farm |
| 32:45 | Build | Farm |
| 33:18 | Create | Villager (Male) |
| 33:18 | Create | Villager (Male) |
| 33:19 | Create | Villager (Male) |
| 33:19 | Create | Villager (Male) |
| 33:20 | Create | Villager (Male) |
| 33:30 | Build | Farm |
| 34:02 | Build | Farm |
| 34:29 | Build | Castle |
| 34:35 | Create | Boyar |
| 34:35 | Create | Boyar |
| 34:36 | Create | Boyar |
| 34:36 | Create | Boyar |
| 34:36 | Create | Boyar |
| 34:37 | Create | Boyar |
| 34:37 | Create | Boyar |
| 34:38 | Create | Boyar |
| 34:38 | Create | Boyar |
| 34:38 | Create | Boyar |
| 34:38 | Create | Boyar |
| 35:27 | Create | Villager (Male) |
| 35:28 | Create | Villager (Male) |
| 35:29 | Create | Villager (Male) |
| 35:29 | Create | Villager (Male) |
| 35:32 | Create | Villager (Male) |
| 35:43 | Build | Farm |
| 36:01 | Research | Chain Barding Armor |
| 36:35 | Build | Mining Camp |
| 38:02 | Build | Mining Camp |
| 38:09 | Research | Imperial Age |
| 39:26 | Create | Villager (Male) |
| 39:27 | Create | Villager (Male) |
| 40:30 | Build | House |
| 40:34 | Build | House |
| 40:35 | Build | House |
| 40:37 | Build | House |
| 40:39 | Build | House |
Build order — Jerry
First 150 of 222 actions detected
| 0:10 | Build | House |
| 0:18 | Build | House |
| 0:19 | Build | House |
| 0:23 | Build | House |
| 0:30 | Create | Villager (Male) |
| 0:31 | Create | Villager (Male) |
| 0:31 | Create | Villager (Male) |
| 0:31 | Create | Villager (Male) |
| 0:31 | Create | Villager (Male) |
| 1:08 | Research | Loom |
| 2:26 | Create | Villager (Male) |
| 2:26 | Create | Villager (Male) |
| 2:27 | Create | Villager (Male) |
| 2:27 | Create | Villager (Male) |
| 2:27 | Create | Villager (Male) |
| 3:23 | Create | Villager (Male) |
| 3:23 | Create | Villager (Male) |
| 3:23 | Create | Villager (Male) |
| 3:23 | Create | Villager (Male) |
| 4:00 | Create | Villager (Male) |
| 4:00 | Create | Villager (Male) |
| 4:00 | Create | Villager (Male) |
| 4:01 | Create | Villager (Male) |
| 4:01 | Create | Villager (Male) |
| 4:18 | Build | Lumber Camp |
| 4:33 | Create | Villager (Male) |
| 4:33 | Create | Villager (Male) |
| 4:34 | Create | Villager (Male) |
| 4:34 | Create | Villager (Male) |
| 4:34 | Create | Villager (Male) |
| 5:00 | Create | Villager (Male) |
| 5:01 | Create | Villager (Male) |
| 5:01 | Create | Villager (Male) |
| 5:01 | Create | Villager (Male) |
| 5:23 | Create | Villager (Male) |
| 5:42 | Build | Mill |
| 6:16 | Create | Villager (Male) |
| 6:17 | Create | Villager (Male) |
| 6:17 | Create | Villager (Male) |
| 7:07 | Create | Villager (Male) |
| 7:07 | Create | Villager (Male) |
| 7:07 | Create | Villager (Male) |
| 8:12 | Create | Villager (Male) |
| 8:12 | Create | Villager (Male) |
| 8:13 | Create | Villager (Male) |
| 9:07 | Create | Villager (Male) |
| 9:43 | Create | Villager (Male) |
| 9:51 | Build | House |
| 10:05 | Build | Mill |
| 10:20 | Build | House |
| 11:03 | Research | Feudal Age |
| 12:33 | Build | House |
| 12:50 | Create | Villager (Male) |
| 12:51 | Create | Villager (Male) |
| 12:51 | Create | Villager (Male) |
| 12:51 | Create | Villager (Male) |
| 13:11 | Build | House |
| 13:13 | Age | Feudal Age |
| 13:18 | Build | House |
| 13:26 | Build | Market |
| 14:19 | Research | Horse Collar |
| 14:19 | Research | Horse Collar |
| 15:39 | Build | Blacksmith |
| 15:44 | Create | Villager (Male) |
| 15:45 | Create | Villager (Male) |
| 15:45 | Create | Villager (Male) |
| 15:45 | Create | Villager (Male) |
| 16:06 | Build | Farm |
| 16:08 | Build | Farm |
| 16:11 | Build | Farm |
| 16:13 | Build | Farm |
| 16:16 | Build | Farm |
| 16:51 | Build | Farm |
| 17:02 | Build | Mining Camp |
| 17:30 | Create | Villager (Male) |
| 17:30 | Create | Villager (Male) |
| 17:30 | Create | Villager (Male) |
| 17:51 | Build | Mining Camp |
| 17:57 | Research | Forging |
| 17:59 | Research | Scale Barding Armor |
| 18:18 | Build | Dock |
| 18:52 | Research | Castle Age |
| 18:58 | Build | Farm |
| 19:05 | Research | Gold Mining |
| 19:17 | Build | Mining Camp |
| 19:21 | Research | Tech 906 |
| 19:23 | Create | Fishing Ship |
| 19:23 | Create | Fishing Ship |
| 19:49 | Research | Double-Bit Axe |
| 21:25 | Create | Villager (Male) |
| 21:25 | Create | Villager (Male) |
| 21:25 | Create | Villager (Male) |
| 21:32 | Age | Castle Age |
| 21:38 | Build | Lumber Camp |
| 22:23 | Build | Town Center |
| 23:28 | Create | Villager (Male) |
| 23:29 | Create | Villager (Male) |
| 23:29 | Create | Villager (Male) |
| 23:29 | Create | Villager (Male) |
| 23:30 | Create | Villager (Male) |
| 23:30 | Create | Villager (Male) |
| 23:30 | Create | Villager (Male) |
| 23:30 | Create | Villager (Male) |
| 23:32 | Create | Villager (Male) |
| 23:42 | Research | Bow Saw |
| 23:43 | Research | Bow Saw |
| 23:43 | Research | Bow Saw |
| 25:02 | Create | Fishing Ship |
| 25:02 | Create | Fishing Ship |
| 25:02 | Research | Gillnets |
| 25:26 | Build | Farm |
| 25:35 | Create | Villager (Male) |
| 25:35 | Create | Villager (Male) |
| 25:35 | Create | Villager (Male) |
| 26:05 | Create | Villager (Male) |
| 26:06 | Create | Villager (Male) |
| 26:06 | Create | Villager (Male) |
| 26:06 | Create | Villager (Male) |
| 26:07 | Create | Villager (Male) |
| 26:07 | Create | Villager (Male) |
| 26:18 | Build | Dock |
| 26:31 | Build | House |
| 26:33 | Build | House |
| 26:35 | Build | House |
| 26:37 | Build | House |
| 26:38 | Build | House |
| 26:47 | Research | Wheelbarrow |
| 27:04 | Build | Castle |
| 27:18 | Create | Villager (Male) |
| 27:18 | Create | Villager (Male) |
| 27:39 | Build | Farm |
| 27:46 | Create | Fishing Ship |
| 27:46 | Create | Fishing Ship |
| 27:46 | Create | Fishing Ship |
| 27:53 | Create | Fishing Ship |
| 27:53 | Create | Fishing Ship |
| 27:53 | Create | Fishing Ship |
| 28:05 | Build | Farm |
| 28:12 | Build | House |
| 28:13 | Build | House |
| 28:18 | Build | House |
| 28:21 | Build | House |
| 28:23 | Build | House |
| 28:57 | Build | Farm |
| 29:07 | Create | Villager (Male) |
| 29:08 | Create | Villager (Male) |
| 29:08 | Create | Villager (Male) |
| 29:20 | Build | Fish Trap |
| 29:32 | Build | Fish Trap |
| 29:43 | Build | Fish Trap |
Build order — 比奇堡突击手海绵宝宝
First 150 of 250 actions detected
| 0:07 | Research | Loom |
| 0:10 | Build | House |
| 0:18 | Create | Villager (Male) |
| 0:18 | Create | Villager (Male) |
| 0:19 | Create | Villager (Male) |
| 0:19 | Create | Villager (Male) |
| 0:19 | Create | Villager (Male) |
| 0:19 | Create | Villager (Male) |
| 0:25 | Build | House |
| 0:26 | Build | House |
| 1:35 | Build | Palisade Wall |
| 3:01 | Create | Villager (Male) |
| 3:01 | Create | Villager (Male) |
| 3:02 | Create | Villager (Male) |
| 3:02 | Create | Villager (Male) |
| 3:44 | Create | Villager (Male) |
| 4:23 | Build | Lumber Camp |
| 4:28 | Create | Villager (Male) |
| 4:29 | Create | Villager (Male) |
| 5:13 | Create | Villager (Male) |
| 5:38 | Create | Villager (Male) |
| 6:07 | Create | Villager (Male) |
| 6:08 | Create | Villager (Male) |
| 6:43 | Create | Villager (Male) |
| 7:13 | Create | Villager (Male) |
| 7:37 | Create | Villager (Male) |
| 8:25 | Create | Villager (Male) |
| 8:25 | Create | Villager (Male) |
| 8:25 | Create | Villager (Male) |
| 8:32 | Build | Mill |
| 8:55 | Build | House |
| 8:58 | Build | House |
| 9:14 | Build | Lumber Camp |
| 10:16 | Create | Villager (Male) |
| 10:18 | Research | Feudal Age |
| 10:43 | Build | Mining Camp |
| 10:52 | Create | Villager (Male) |
| 11:37 | Build | Mill |
| 11:47 | Create | Villager (Male) |
| 12:13 | Create | Villager (Male) |
| 12:28 | Age | Feudal Age |
| 12:33 | Research | Double-Bit Axe |
| 12:44 | Build | Farm |
| 12:51 | Build | Farm |
| 12:54 | Build | Farm |
| 13:03 | Create | Villager (Male) |
| 13:25 | Build | Blacksmith |
| 13:46 | Build | Market |
| 14:04 | Build | Stone Wall |
| 14:17 | Create | Villager (Male) |
| 14:18 | Create | Villager (Male) |
| 14:49 | Create | Villager (Male) |
| 15:03 | Build | House |
| 15:05 | Build | House |
| 15:08 | Build | House |
| 15:34 | Create | Villager (Male) |
| 15:34 | Create | Villager (Male) |
| 15:34 | Create | Villager (Male) |
| 15:36 | Create | Villager (Male) |
| 16:12 | Research | Horse Collar |
| 16:27 | Build | Farm |
| 16:33 | Create | Villager (Male) |
| 17:00 | Research | Castle Age |
| 17:21 | Build | Farm |
| 17:29 | Research | Horse Collar |
| 17:53 | Build | Farm |
| 17:54 | Build | Farm |
| 17:56 | Build | Farm |
| 17:59 | Build | Farm |
| 18:02 | Build | Farm |
| 18:08 | Build | Farm |
| 18:31 | Create | Villager (Male) |
| 18:31 | Create | Villager (Male) |
| 18:35 | Research | Gold Mining |
| 18:49 | Create | Trade Cart |
| 19:54 | Age | Castle Age |
| 19:59 | Research | Bow Saw |
| 20:03 | Build | Farm |
| 20:05 | Build | Farm |
| 20:09 | Build | Farm |
| 20:12 | Build | Farm |
| 20:22 | Create | Villager (Male) |
| 20:22 | Create | Villager (Male) |
| 20:46 | Create | Villager (Male) |
| 20:46 | Create | Villager (Male) |
| 21:19 | Build | Town Center |
| 21:40 | Build | Stone Wall |
| 22:00 | Build | Stone Wall |
| 22:11 | Create | Villager (Male) |
| 22:12 | Create | Villager (Male) |
| 22:12 | Create | Villager (Male) |
| 22:41 | Build | Farm |
| 23:05 | Create | Villager (Male) |
| 23:05 | Create | Villager (Male) |
| 23:08 | Build | Farm |
| 23:11 | Create | Villager (Male) |
| 23:11 | Create | Villager (Male) |
| 23:11 | Create | Villager (Male) |
| 23:18 | Research | Stone Mining |
| 23:21 | Research | Heavy Plow |
| 23:24 | Create | Villager (Male) |
| 23:26 | Build | Farm |
| 23:36 | Create | Villager (Male) |
| 23:46 | Build | Farm |
| 23:50 | Create | Villager (Male) |
| 23:53 | Build | Farm |
| 24:12 | Build | Stone Wall |
| 24:21 | Build | Farm |
| 24:26 | Create | Villager (Male) |
| 24:36 | Build | Farm |
| 24:37 | Build | Farm |
| 24:40 | Create | Villager (Male) |
| 24:40 | Create | Villager (Male) |
| 24:41 | Create | Villager (Male) |
| 25:05 | Build | Gate |
| 25:21 | Build | Farm |
| 25:24 | Build | Farm |
| 25:34 | Build | House |
| 25:36 | Build | House |
| 25:37 | Build | House |
| 25:39 | Build | House |
| 25:40 | Build | House |
| 25:41 | Build | House |
| 25:43 | Build | House |
| 25:44 | Build | House |
| 25:46 | Build | House |
| 26:22 | Build | Gate |
| 26:26 | Build | Gate |
| 27:05 | Build | Monastery |
| 27:21 | Create | Villager (Male) |
| 27:21 | Create | Villager (Male) |
| 27:50 | Build | University |
| 27:54 | Create | Monk |
| 28:02 | Create | Villager (Male) |
| 28:04 | Create | Villager (Male) |
| 28:05 | Create | Villager (Male) |
| 28:10 | Create | Villager (Male) |
| 28:21 | Create | Villager (Male) |
| 28:22 | Create | Villager (Male) |
| 28:51 | Create | Villager (Male) |
| 29:29 | Research | Imperial Age |
| 29:33 | Create | Villager (Male) |
| 29:34 | Create | Villager (Male) |
| 29:34 | Create | Villager (Male) |
| 29:35 | Research | Imperial Age |
| 29:40 | Build | Castle |
| 29:52 | Create | Villager (Male) |
| 29:57 | Research | Ballistics |
| 29:59 | Research | Fortified Wall (upgrade) |
| 30:46 | Build | Town Center |
Build order — King
First 150 of 346 actions detected
| 0:06 | Research | Loom |
| 0:11 | Build | House |
| 0:12 | Create | Villager (Male) |
| 0:12 | Create | Villager (Male) |
| 0:13 | Create | Villager (Male) |
| 0:15 | Build | House |
| 0:17 | Create | Villager (Male) |
| 0:36 | Build | Palisade Wall |
| 2:03 | Create | Villager (Male) |
| 2:04 | Create | Villager (Male) |
| 2:35 | Create | Villager (Male) |
| 2:35 | Create | Villager (Male) |
| 2:35 | Create | Villager (Male) |
| 2:35 | Create | Villager (Male) |
| 2:35 | Create | Villager (Male) |
| 2:36 | Create | Villager (Male) |
| 2:36 | Create | Villager (Male) |
| 2:36 | Create | Villager (Male) |
| 2:50 | Build | House |
| 2:51 | Build | House |
| 2:53 | Build | House |
| 3:05 | Create | Villager (Male) |
| 3:06 | Create | Villager (Male) |
| 3:06 | Create | Villager (Male) |
| 3:32 | Create | Villager (Male) |
| 3:33 | Create | Villager (Male) |
| 3:33 | Create | Villager (Male) |
| 3:33 | Create | Villager (Male) |
| 3:33 | Create | Villager (Male) |
| 3:47 | Create | Villager (Male) |
| 3:47 | Create | Villager (Male) |
| 3:48 | Create | Villager (Male) |
| 4:15 | Create | Villager (Male) |
| 4:15 | Create | Villager (Male) |
| 4:15 | Create | Villager (Male) |
| 4:16 | Create | Villager (Male) |
| 4:17 | Create | Villager (Male) |
| 4:52 | Create | Villager (Male) |
| 4:52 | Create | Villager (Male) |
| 4:52 | Create | Villager (Male) |
| 4:52 | Create | Villager (Male) |
| 4:52 | Create | Villager (Male) |
| 5:18 | Create | Villager (Male) |
| 5:28 | Create | Villager (Male) |
| 5:29 | Create | Villager (Male) |
| 5:55 | Create | Villager (Male) |
| 5:56 | Create | Villager (Male) |
| 5:56 | Create | Villager (Male) |
| 5:56 | Create | Villager (Male) |
| 6:07 | Build | Mill |
| 6:37 | Create | Villager (Male) |
| 6:44 | Create | Villager (Male) |
| 6:46 | Create | Villager (Male) |
| 7:26 | Create | Villager (Male) |
| 7:26 | Create | Villager (Male) |
| 7:26 | Create | Villager (Male) |
| 7:27 | Create | Villager (Male) |
| 7:27 | Create | Villager (Male) |
| 7:27 | Create | Villager (Male) |
| 7:28 | Create | Villager (Male) |
| 7:28 | Create | Villager (Male) |
| 7:37 | Build | Dock |
| 8:04 | Build | Lumber Camp |
| 8:22 | Build | Lumber Camp |
| 8:54 | Build | Mill |
| 9:10 | Create | Villager (Male) |
| 9:10 | Create | Villager (Male) |
| 9:26 | Create | Villager (Male) |
| 9:41 | Build | Mining Camp |
| 9:49 | Create | Fishing Ship |
| 9:49 | Create | Fishing Ship |
| 10:06 | Research | Feudal Age |
| 10:31 | Create | Fishing Ship |
| 10:31 | Create | Fishing Ship |
| 11:31 | Create | Villager (Male) |
| 11:31 | Create | Villager (Male) |
| 11:31 | Create | Villager (Male) |
| 11:31 | Create | Villager (Male) |
| 11:34 | Create | Fishing Ship |
| 12:02 | Create | Villager (Male) |
| 12:13 | Build | House |
| 12:14 | Build | House |
| 12:15 | Build | House |
| 12:16 | Age | Feudal Age |
| 12:38 | Research | Wheelbarrow |
| 12:39 | Create | Villager (Male) |
| 12:39 | Create | Villager (Male) |
| 12:41 | Create | Villager (Male) |
| 12:55 | Research | Horse Collar |
| 12:57 | Research | Double-Bit Axe |
| 13:17 | Build | Blacksmith |
| 13:25 | Build | Market |
| 13:28 | Create | Villager (Male) |
| 13:37 | Build | House |
| 13:38 | Build | House |
| 13:41 | Build | House |
| 13:44 | Build | House |
| 13:47 | Create | Villager (Male) |
| 13:58 | Create | Fishing Ship |
| 14:15 | Create | Villager (Male) |
| 14:25 | Create | Fishing Ship |
| 14:25 | Create | Fishing Ship |
| 14:55 | Create | Villager (Male) |
| 14:58 | Build | Farm |
| 15:09 | Create | Villager (Male) |
| 15:15 | Build | Farm |
| 15:28 | Build | Fish Trap |
| 15:38 | Build | Fish Trap |
| 15:44 | Build | Farm |
| 15:46 | Create | Villager (Male) |
| 15:59 | Create | Fishing Ship |
| 16:13 | Build | Fish Trap |
| 16:28 | Build | House |
| 16:29 | Build | House |
| 16:30 | Build | House |
| 16:31 | Build | House |
| 16:32 | Build | House |
| 16:34 | Create | Villager (Male) |
| 16:43 | Build | Farm |
| 16:51 | Create | Villager (Male) |
| 16:57 | Create | Fishing Ship |
| 17:04 | Build | Fish Trap |
| 17:10 | Create | Villager (Male) |
| 17:22 | Build | Farm |
| 17:38 | Build | Fish Trap |
| 17:44 | Create | Villager (Male) |
| 17:45 | Create | Villager (Male) |
| 17:52 | Build | Mining Camp |
| 18:03 | Research | Castle Age |
| 18:14 | Build | Stone Wall |
| 18:27 | Build | Fish Trap |
| 18:30 | Create | Fishing Ship |
| 18:30 | Create | Fishing Ship |
| 18:40 | Build | Fish Trap |
| 18:48 | Create | Villager (Male) |
| 18:49 | Create | Villager (Male) |
| 19:01 | Create | Villager (Male) |
| 19:09 | Build | Fish Trap |
| 19:17 | Build | Fish Trap |
| 19:23 | Build | Fish Trap |
| 19:28 | Create | Villager (Male) |
| 19:39 | Research | Tech 906 |
| 19:43 | Create | Villager (Male) |
| 20:02 | Build | Gate |
| 20:22 | Create | Villager (Male) |
| 20:22 | Create | Villager (Male) |
| 20:29 | Create | Fishing Ship |
| 20:43 | Age | Castle Age |
| 20:58 | Build | Town Center |
| 21:07 | Create | Villager (Male) |
Match timeline
| 0:36 | King · wall_segment Palisade Wall x11 |
| 1:05 | Fingus · wall_segment Palisade Wall x1 |
| 1:09 | Fingus · wall_segment Palisade Wall x1 |
| 1:12 | Fingus · wall_segment Palisade Wall x1 |
| 1:13 | Fingus · wall_segment Palisade Wall x1 |
| 1:15 | Fingus · wall_segment Palisade Wall x1 |
| 1:20 | Fingus · wall_segment Palisade Wall x1 |
| 1:22 | Fingus · wall_segment Palisade Wall x1 |
| 1:24 | Fingus · wall_segment Palisade Wall x1 |
| 1:26 | Fingus · wall_segment Palisade Wall x1 |
| 1:28 | Fingus · wall_segment Palisade Wall x1 |
| 1:30 | Fingus · wall_segment Palisade Wall x1 |
| 1:32 | Fingus · wall_segment Palisade Wall x3 |
| 1:35 | 比奇堡突击手海绵宝宝 · wall_segment Palisade Wall x24 |
| 6:43 | Fingus · first_building Dock |
| 7:37 | King · first_building Dock |
| 10:17 | Asturon · age_up feudal |
| 11:05 | 1841775562 · age_up feudal |
| 11:10 | Fingus · age_up feudal |
| 11:45 | A silly fella · age_up feudal |
| 12:16 | King · age_up feudal |
| 12:27 | Yuuki · age_up feudal |
| 12:27 | Yuuki · first_building Dock |
| 12:28 | 比奇堡突击手海绵宝宝 · age_up feudal |
| 12:55 | Fingus · first_market_sell 100 food |
| 13:13 | Jerry · age_up feudal |
| 14:04 | 比奇堡突击手海绵宝宝 · wall_segment Stone Wall x18 |
| 15:57 | Fingus · age_up castle |
| 16:03 | Fingus · first_market_buy 100 wood |
| 17:30 | Fingus · wall_segment Palisade Wall x1 |
| 17:54 | Asturon · first_building Dock |
| 18:14 | King · wall_segment Stone Wall x13 |
| 18:18 | Jerry · first_building Dock |
| 18:31 | Asturon · age_up castle |
| 19:06 | A silly fella · age_up castle |
| 19:54 | 比奇堡突击手海绵宝宝 · age_up castle |
| 20:22 | A silly fella · first_building Monastery |
| 20:43 | King · age_up castle |
| 21:04 | Fingus · first_building Monastery |
| 21:32 | Jerry · age_up castle |
| 21:40 | 比奇堡突击手海绵宝宝 · wall_segment Stone Wall x18 |
| 21:48 | 比奇堡突击手海绵宝宝 · first_market_buy 100 stone |
| 21:52 | Yuuki · wall_segment Stone Wall x8 |
| 22:00 | 比奇堡突击手海绵宝宝 · wall_segment Stone Wall x11 |
| 22:40 | King · first_building Monastery |
| 22:55 | Fingus · first_building Castle |
| 24:12 | 比奇堡突击手海绵宝宝 · wall_segment Stone Wall x20 |
| 24:24 | A silly fella · first_building Barracks |
| 24:31 | Asturon · first_building Castle |
| 24:50 | 1841775562 · age_up castle |
| 25:13 | Yuuki · wall_segment Stone Wall x1 |
| 25:21 | Yuuki · age_up castle |
| 25:51 | A silly fella · first_building Castle |
| 26:22 | King · first_building Castle |
| 27:04 | Jerry · first_building Castle |
| 27:05 | 比奇堡突击手海绵宝宝 · first_building Monastery |
| 27:11 | Yuuki · wall_segment Stone Wall x9 |
| 28:08 | A silly fella · first_building Archery Range |
| 28:09 | 1841775562 · first_building Castle |
| 28:44 | Yuuki · first_building Castle |
| 29:03 | Asturon · first_building Barracks |
| 29:17 | Fingus · first_building Barracks |
| 29:26 | Fingus · first_building Siege Workshop |
| 29:40 | 比奇堡突击手海绵宝宝 · first_building Castle |
| 30:06 | Asturon · first_building Stable |
| 31:02 | Jerry · first_building Monastery |
| 31:18 | Fingus · age_up imperial |
| 31:48 | Yuuki · wall_segment Stone Wall x2 |
| 32:08 | Asturon · age_up imperial |
| 32:24 | Jerry · first_building Siege Workshop |
| 32:30 | King · age_up imperial |
| 32:45 | 比奇堡突击手海绵宝宝 · age_up imperial |
| 32:57 | 比奇堡突击手海绵宝宝 · first_building Siege Workshop |
| 33:25 | King · wall_segment Stone Wall x4 |
| 33:49 | King · first_building Barracks |
| 33:56 | Asturon · first_building Siege Workshop |
| 34:08 | A silly fella · age_up imperial |
| 34:13 | King · wall_segment Stone Wall x4 |
| 34:17 | 比奇堡突击手海绵宝宝 · first_building Barracks |
| 34:41 | Yuuki · age_up imperial |
| 34:49 | King · first_building Archery Range |
| 34:59 | King · wall_segment Stone Wall x6 |
| 36:23 | Jerry · age_up imperial |
| 38:18 | A silly fella · first_building Siege Workshop |
| 39:53 | King · resign |
| 40:29 | Yuuki · first_market_buy 100 food |
| 41:19 | 1841775562 · age_up imperial |
| 42:23 | 比奇堡突击手海绵宝宝 · first_building Stable |
[ AI ANALYSIS · 1 CREDIT ]
What really happened in this match?
Wolo.gg analyzes every decision: build order, eco, micro, common mistakes by bracket. Personalized analysis on WhatsApp or Discord in 30 seconds.
Civ guide
Italians
Map guide
Black Forest
Perfil
Jugador #22313247